Map: Dusk Towers

Players

MCanning - Winner!

  • Race: Protoss Protoss
  • League: Grandmaster

IIIIIIIIIIII

  • Race: Protoss Protoss
  • League: Master

VOD

Have the link to the VOD?

Description

Time

  • Played on: Dec. 4, 2015, 1:49 a.m.
  • Length: 12:51
Show
View Real Time Build Order
Export as new Build Order

MCanning Protoss - Winner!

Build Orders: 1 Gate Expand 

Get SALT Encoding   

  12  0:01  Probe (Chrono Boost)  
  13  0:12  Probe (Chrono Boost)  
  14  0:19  Pylon  
  14  0:22  Probe (Chrono Boost)  
  15  0:38  Probe (Chrono Boost)  
  15  0:40  Gateway  
  16  0:48  Probe (Chrono Boost)  
  17  0:52  Assimilator  
  17  0:59  Probe (Chrono Boost)  
  18  1:09  Probe (Chrono Boost)  
  19  1:21  Nexus  
  19  1:31  Cybernetics Core  
  19  1:38  Assimilator  
  19  1:41  Probe (Chrono Boost)  
  20  1:52  Probe (Chrono Boost)  
  21  2:04  Pylon  
  21  2:08  Mothership Core (Chrono Boost)  
  23  2:21  Warp Gate (Chrono Boost)  
  23  2:22  Adept  
  25  2:26  Probe (Chrono Boost)  
  26  2:36  Probe x2 (Chrono Boost)  
  26  2:38  Pylon  
  27  2:47  Gateway  
  27  2:58  Robotics Facility  
  27  3:06  Sentry (Chrono Boost)  
  29  3:16  Gateway  
  29  3:22  Pylon  
  29  3:29  Probe  
  29  3:33  Probe  
  31  3:38  Sentry  
  31  3:41  Probe  
  34  3:46  Observer (Chrono Boost)  
  35  3:51  Probe  
  32  4:10  Pylon  
  32  4:13  Immortal (Chrono Boost)  
  36  4:18  Pylon  
  36  4:19  Stalker  
  37  4:25  Stalker  
  39  4:32  Stalker  
  39  4:35  Probe (Chrono Boost)  
  42  4:40  Probe (Chrono Boost)  
  43  4:46  Probe (Chrono Boost)  
  43  4:51  Probe (Chrono Boost)  
  45  4:56  Probe (Chrono Boost)  
  46  5:01  Probe (Chrono Boost)  
  46  5:07  Probe (Chrono Boost)  
  46  5:09  Forge  
  46  5:12  Probe (Chrono Boost)  
  46  5:18  Probe (Chrono Boost)  
  45  5:22  Probe (Chrono Boost)  
  45  5:23  Observer  
  45  5:27  Probe (Chrono Boost)  
  48  5:32  Twilight Council, Probe (Chrono Boost)  
  49  5:40  Probe (Chrono Boost)  
  50  5:43  Protoss Ground Weapons Level 1  
  50  5:44  Probe (Chrono Boost)  
  51  5:51  Probe (Chrono Boost)  
  51  5:55  Probe (Chrono Boost)  
  53  6:01  Probe (Chrono Boost)  
  54  6:05  Probe (Chrono Boost)  
  55  6:12  Probe (Chrono Boost)  
  55  6:14  Nexus  
  55  6:16  Probe (Chrono Boost)  
  55  6:17  Pylon  
  56  6:23  Probe (Chrono Boost)  
  56  6:24  Pylon  
  57  6:26  Probe (Chrono Boost)  
  58  6:33  Probe (Chrono Boost)  
  58  6:36  Probe (Chrono Boost)  
  58  6:37  Assimilator  
  60  6:40  Assimilator  
  60  6:43  Probe (Chrono Boost), Robotics Bay  
  60  6:44  Blink (Chrono Boost)  
  60  6:46  Probe  
  61  6:47  Sentry  
  64  6:55  Probe  
  64  6:56  Photon Cannon  
  64  6:57  Probe  
  64  6:59  Photon Cannon  
  66  7:07  Probe  
  66  7:08  Probe  
  68  7:23  Gateway  
  68  7:24  Gateway  
  68  7:25  Probe  
  69  7:31  Probe  
  70  7:38  Probe, Gateway  
  70  7:39  Gateway, Probe  
  70  7:41  Probe  
  70  7:42  Gateway  
  73  7:44  Pylon, Protoss Ground Weapons Level 2 (Chrono Boost)  
  73  7:46  Disruptor (Chrono Boost)  
  73  7:48  Probe  
  77  7:51  Probe  
  77  7:56  Probe  
  79  7:59  Probe  
  79  8:03  Probe  
  81  8:07  Pylon  
  81  8:08  Photon Cannon  
  81  8:17  Disruptor (Chrono Boost)  
  84  8:20  Gateway  
  84  8:21  Gateway  
  84  8:28  Stalker x3  
  90  8:36  Assimilator  
  90  8:40  Assimilator  
  90  8:41  Probe  
  90  8:42  Photon Cannon  
  90  8:44  Probe  
  90  8:45  Photon Cannon  
  90  8:48  Pylon  
  92  8:51  Disruptor (Chrono Boost)  
  92  8:55  Stalker, Adept x2  
  97  8:56  Adept  
  97  8:59  Stalker  
  97  9:02  Probe x2  
  107  9:13  Stalker x2  
  110  9:22  Disruptor (Chrono Boost)  
  113  9:27  Robotics Facility  
  113  9:28  Probe, Pylon  
  114  9:36  Probe  
  113  9:45  Stalker x5  
  113  9:46  Stalker  
  113  9:51  Stalker x2  
  121  9:53  Disruptor (Chrono Boost)  
  121  9:57  Dark Shrine  
  120  10:10  Stalker x3  
  118  10:14  Stalker x2  
  118  10:15  Stalker  
  112  10:23  Stalker x3  
  110  10:29  Disruptor (Chrono Boost)  
  110  10:30  Disruptor (Chrono Boost)  
  110  10:34  Probe  
  117  10:44  Nexus  
  117  10:46  Pylon  
  117  10:48  Mothership Core (Chrono Boost)  
  119  11:01  Pylon  
  119  11:03  Disruptor  
  119  11:08  Pylon  
  122  11:13  Dark Templar, Pylon  
  122  11:15  Dark Templar  
  122  11:17  Dark Templar  
  128  11:20  Adept  
  128  11:21  Adept x2  
  128  11:24  Disruptor  
  128  11:25  Photon Cannon  
  137  11:33  Probe  
  137  11:34  Probe  
  139  11:43  Stalker  
  139  11:44  Stalker x3  
  140  12:03  Stalker x4  
  140  12:04  Stalker x2  
  140  12:06  Probe  
  140  12:07  Disruptor  
  152  12:08  Probe  
  152  12:10  Probe  
  152  12:14  Dark Templar  
  156  12:19  Adept  
  156  12:20  Adept  
  156  12:22  Assimilator  
  160  12:28  Probe  
  161  12:30  Probe  
  161  12:33  Probe  
  156  12:42  Stalker x5  
  156  12:43  Stalker  
Show
View Real Time Build Order
Export as new Build Order

IIIIIIIIIIII Protoss 

Build Orders: Oracle Opening 

Get SALT Encoding   

  12  0:01  Probe (Chrono Boost)  
  13  0:11  Probe (Chrono Boost)  
  14  0:17  Pylon  
  14  0:22  Probe (Chrono Boost)  
  16  0:35  Probe (Chrono Boost), Gateway  
  16  0:46  Probe (Chrono Boost)  
  16  0:47  Assimilator  
  17  0:52  Assimilator  
  17  0:56  Probe (Chrono Boost)  
  18  1:03  Pylon  
  18  1:07  Probe (Chrono Boost)  
  19  1:17  Probe (Chrono Boost)  
  20  1:22  Cybernetics Core  
  20  1:28  Probe (Chrono Boost)  
  21  1:38  Probe (Chrono Boost)  
  22  1:40  Pylon  
  22  1:49  Probe (Chrono Boost)  
  23  1:59  Stalker (Chrono Boost)  
  23  2:00  Warp Gate  
  25  2:04  Probe (Chrono Boost)  
  25  2:07  Stargate  
  26  2:15  Probe  
  27  2:35  Nexus  
  27  2:38  Probe  
  28  2:49  Oracle (Chrono Boost)  
  31  2:54  Mothership Core  
  33  3:15  Probe (Chrono Boost)  
  33  3:18  Robotics Facility  
  34  3:27  Probe (Chrono Boost)  
  34  3:29  Sentry  
  34  3:33  Gateway  
  37  3:35  Gateway  
  37  3:39  Probe (Chrono Boost)  
  38  3:49  Probe (Chrono Boost)  
  39  4:00  Probe (Chrono Boost)  
  39  4:02  Probe (Chrono Boost)  
  41  4:05  Assimilator  
  41  4:09  Observer, Assimilator  
  42  4:10  Probe (Chrono Boost)  
  42  4:13  Probe (Chrono Boost), Pylon  
  44  4:21  Probe (Chrono Boost)  
  44  4:23  Probe (Chrono Boost)  
  46  4:31  Probe (Chrono Boost)  
  46  4:34  Probe (Chrono Boost)  
  46  4:37  Forge  
  48  4:38  Pylon  
  48  4:42  Probe (Chrono Boost)  
  48  4:43  Probe (Chrono Boost)  
  50  4:49  Immortal (Chrono Boost)  
  54  4:53  Probe x2  
  56  5:03  Probe  
  56  5:05  Probe  
  58  5:08  Pylon  
  58  5:10  Protoss Ground Weapons Level 1 (Chrono Boost)  
  58  5:14  Probe  
  58  5:17  Probe  
  57  5:24  Probe  
  57  5:25  Photon Cannon  
  57  5:26  Immortal (Chrono Boost)  
  62  5:29  Sentry, Probe  
  62  5:33  Twilight Council  
  62  5:35  Probe  
  65  5:41  Stalker x2, Probe  
  71  5:47  Pylon  
  71  6:00  Observer (Chrono Boost)  
  76  6:19  Immortal (Chrono Boost)  
  76  6:22  Nexus  
  76  6:27  Charge  
  76  6:29  Templar Archives  
  76  6:31  Probe x2, Pylon  
  78  6:41  Gateway  
  78  6:43  Gateway  
  78  6:48  Gateway x2  
  78  6:49  Protoss Ground Weapons Level 2  
  78  6:51  Probe, Pylon  
  78  6:52  Probe  
  78  6:53  Immortal (Chrono Boost)  
  84  7:15  Probe x2  
  86  7:16  Assimilator  
  86  7:20  Zealot x3  
  86  7:21  Assimilator  
  86  7:22  Pylon  
  92  7:31  Warp Prism (Chrono Boost)  
  92  7:34  Probe  
  92  7:35  Probe  
  92  7:36  Probe  
  97  7:48  High Templar x2  
  97  7:49  High Templar x3  
  107  7:54  Photon Cannon  
  107  8:02  High Templar  
  107  8:04  Nexus  
  109  8:06  Pylon  
  109  8:07  Immortal (Chrono Boost)  
  109  8:08  Archon x3  
  113  8:18  Robotics Bay  
  113  8:24  Probe x2  
  115  8:30  Pylon  
  115  8:31  High Templar  
  115  8:32  Pylon, High Templar  
  115  8:33  Zealot x4  
  127  8:35  Archon  
  127  9:00  Protoss Ground Weapons Level 3  
  127  9:02  Gateway  
  127  9:04  Gateway  
  127  9:06  Gateway  
  127  9:07  Pylon, High Templar  
  127  9:08  High Templar  
  127  9:09  High Templar x2  
  135  9:10  Zealot x3  
  135  9:13  Archon x2  
  140  9:20  Pylon  
  140  9:28  Probe  
  140  9:29  Probe x2  
  139  9:45  High Templar x2  
  127  9:46  Zealot x3  
  127  9:47  Zealot x2  
  127  9:49  Archon  
  107  10:07  Zealot x2  
  107  10:08  Zealot x3  
  66  10:30  Disruptor (Chrono Boost)  
  66  10:32  High Templar x4  
  66  10:33  Zealot x3  
  83  10:35  Probe  
  83  10:36  Assimilator  
  83  10:37  Probe x2, Archon x2  
  83  10:41  Assimilator  
  86  10:43  Pylon  
  86  10:52  Pylon  
  86  10:56  Gateway  
  86  10:58  Gateway, High Templar x3  
  86  10:59  High Templar  
  86  11:03  Archon x2  
  94  11:04  Zealot x3  
  94  11:05  Zealot x3  
  106  11:18  Robotics Facility  
  106  11:22  Immortal (Chrono Boost)  
  110  11:29  Probe x2  
  110  11:32  Zealot x10  
  106  12:02  Zealot x4  
  106  12:03  Zealot x6  
  124  12:10  Observer (Chrono Boost)  
  124  12:13  Nexus  
  124  12:15  Pylon  
  111  12:34  Zealot x3  
  111  12:35  Zealot x7  
  111  12:36  Zealot x2  
Tags
 
Add a new tag
Caveats
  • Supply blocks, unpowered buildings, or Contaminate may cause inaccurate times.
  • Supply counts are checked every 10 seconds.